 Dungeon Crawl Stone Soup version 0.24-a0-582-g4d4af813a0 (webtiles) character file.

Game seed: 2592043491861392822

571 DasRunzen the Skirmisher (level 7, -2/62 HPs)
             Began as a Minotaur Fighter on Aug 27, 2019.
             Was an Initiate of Makhleb.
             Slain by a gnoll (5 damage)
             ... on level 5 of the Dungeon.
             The game lasted 00:06:28 (3023 turns).

DasRunzen the Skirmisher (Minotaur Fighter)         Turns: 3023, Time: 00:06:29

Health: -2/62      AC:  7    Str: 20    XL:     7   Next: 12%
Magic:  6/6        EV:  7    Int:  5    God:    Makhleb [......]
Gold:   277        SH: 10    Dex: 12    Spells: 6/6 levels left

rFire    . . .     SeeInvis .   a - +0 war axe
rCold    . . .     Gourm    .   c - +0 shield
rNeg     . . .     Faith    .   b - +0 scale mail
rPois    .         Spirit   .   (helmet restricted)
rElec    .         Reflect  .   e - scarf {repulsion}
rCorr    .         Harm     .   (no gloves)
MR       .....                  (no boots)
Stlth    ..........             (no amulet)
HPRegen  0.20/turn              r - ring of flight
MPRegen  0.10/turn              (no ring)

@: repel missiles
A: retaliatory headbutt, horns 2
a: Renounce Religion, Evoke Flight


You were on level 5 of the Dungeon.
You worshipped Makhleb.
Makhleb was noncommittal.
You were not hungry.

You visited 1 branch of the dungeon, and saw 5 of its levels.

You collected 277 gold pieces.

Inventory:

Hand Weapons
 a - a +0 war axe (weapon)
Armour
 b - a +0 scale mail (worn)
 c - a +0 shield (worn)
 e - a scarf of repulsion (worn)
Jewellery
 r - a ring of flight (left hand)
Wands
 h - a wand of clouds (7)
Scrolls
 n - a scroll of teleportation
Potions
 d - 6 potions of might
 g - 2 potions of curing
 i - a potion of heal wounds
 j - 3 potions of ambrosia
 l - a potion of flight
 m - 2 potions of haste {unknown}
 o - a potion of lignification {unknown}
 p - a potion of mutation {unknown}
Comestibles
 f - 10 rations


   Skills:
 + Level 5.8 Fighting
 + Level 5.0 Axes
 + Level 5.7 Armour
 + Level 5.7 Shields
 + Level 1.1 Invocations


You had 6 spell levels left.
You didn't know any spells.
Your spell library was empty.

Dungeon Overview and Level Annotations

Branches:
Dungeon (5/15)             Temple (0/1) D:4

Altars:
Gozag
Makhleb
Okawaru

Shops:
D:4 [   D:5 *


Innate Abilities, Weirdness & Mutations

You reflexively headbutt those who attack you in melee.
You have a pair of horns on your head.


Message History

The gnoll barely misses you. x2
The gnoll shaman hits you but does no damage.
The centaur zombie hits you but does no damage.
You hit the gnoll.
The gnoll is almost dead.
You hit the centaur zombie.
Your shield and scale mail prevent you from hitting the gnoll shaman.
You hit the gnoll. The gnoll hits you.
* * * LOW HITPOINT WARNING * * *
You block the centaur zombie's attack. The gnoll hits you but does no damage.
The gnoll shaman hits you with a +0 club.
* * * LOW HITPOINT WARNING * * *
You block the gnoll's attack.
The gnoll hits you from afar with a +0 halberd.
* * * LOW HITPOINT WARNING * * *
Unknown command.
The gnoll shaman hits you with a +0 club.
* * * LOW HITPOINT WARNING * * *
The gnoll hits you.
You die...

#.# #.# # #.#
..##### #.#
....$.. #.#
....∩.. ##.######
......> ##.......#
......g##..#...#<#
.....(Zg@........#
.....g.g###+###..#
........# #..#
#######.# #..# #.+
#..# #.# #.## #.#
#. #.#


You could see a gnoll shaman, 3 gnolls and a centaur zombie.

Vanquished Creatures
  A black bear (D:4)
  A water moccasin skeleton (D:2)
  A scorpion (D:4)
  A howler monkey (D:3)
  A crimson imp (D:4)
  A hound (D:4)
  3 iron imps (D:3)
  A worker ant (D:4)
  2 gnolls (D:5)
  3 adders (D:2)
  A howler monkey skeleton (D:4)
  A shadow imp (D:3)
  An ooze (D:1)
  2 adder skeletons (D:4)
  3 worms
  2 dart slugs (D:1)
  3 leopard geckos
  An orc (D:3)
  7 bats
  A giant cockroach (D:1)
  8 goblins
  9 hobgoblins
  13 jackals
  3 ball pythons
  6 frilled lizards
  5 kobolds
  A leopard gecko zombie (D:3)
  14 rats
96 creatures vanquished.

Notes
Turn   | Place    | Note
-------+----------+-------------------------------------------
     0 | D:1      | DasRunzen the Minotaur Fighter began the quest for the Orb.
     0 | D:1      | Reached XP level 1. HP: 19/19 MP: 0/0
    48 | D:1      | Reached XP level 2. HP: 27/27 MP: 1/1
   386 | D:1      | Reached XP level 3. HP: 29/33 MP: 2/2
   707 | D:2      | Reached XP level 4. HP: 31/41 MP: 3/3
  1116 | D:3      | Found an opulent altar of Gozag.
  1205 | D:3      | Reached XP level 5. HP: 37/47 MP: 4/4
  1219 | D:3      | You fall into a shaft and drop 1 floor!
  1227 | D:4      | Reached skill level 5 in Fighting
  1290 | D:4      | Found Sakeekku's Armour Boutique.
  1325 | D:4      | Noticed a black bear
  1336 | D:4      | Killed a black bear
  1336 | D:4      | Reached skill level 5 in Armour
  1336 | D:4      | Reached skill level 5 in Shields
  1336 | D:4      | Reached XP level 6. HP: 39/56 MP: 5/5
  1609 | D:3      | Found a burning altar of Makhleb.
  1641 | D:3      | Became a worshipper of Makhleb the Destroyer
  1708 | D:3      | Found an iron altar of Okawaru.
  2602 | D:4      | Reached XP level 7. HP: 62/62 MP: 6/6
  2612 | D:4      | Found a staircase to the Ecumenical Temple.
  2645 | D:4      | Reached skill level 5 in Axes
  2654 | D:4      | Reached skill level 1 in Invocations
  3001 | D:5      | Entered Level 5 of the Dungeon
  3011 | D:5      | Found Ucoseos's Assorted Antiques.
  3023 | D:5      | HP: 3/62 [gnoll shaman/+0 club (6)]
  3023 | D:5      | Slain by a gnoll

Levels and vault maps discovered:
D:1:      dpeg_arrival_erosion, layout_loops_ring, minivault_14, minivault_26,
          minmay_strange_pillars, dk_noncrumbling_4, minmay_statues_item,
          chequers_serial_rivers_small_a, minmay_small_reverse_x
D:2:      layout_rooms
D:3:      layout_basic, okawaru_ov_weapons_minmay, demons_altar,
          grunt_gozag_statues
D:4:      layout_basic, minmay_temple_entry_mini_moons, first_ration,
          serial_shops, shop
D:5:      layout_loops_cross, lemuel_doored_altar, overflow_temple_1_default,
          serial_shops, shop, kennysheep_mini_moat,
          nicolae_shop_overgrown_old_shop, shop

Skill      XL: |  1  2  3  4  5  6  7 |
---------------+----------------------+-----
Fighting       | 4 5 |  5.8
Shields        | 4 5 |  5.7
Armour         | 4 5 |  5.7
Axes           | 3 4 5 |  5.0
Invocations    | 1 |  1.1

Action                   |  1- 3 |  4- 6 |  7- 9 || total
-------------------------+-------+-------+-------++-------
Melee: War axe           |    60 |   159 |    18 ||   237
       Headbutt          |     8 |    26 |     3 ||    37
  Use: Scroll            |     2 |     3 |     3 ||     8
  Eat: Chunk             |       |     5 |     2 ||     7
Armor: Scale mail        |    24 |    70 |    18 ||   112
Dodge: Dodged            |    24 |    46 |    12 ||    82
       Deflected         |       |     2 |       ||     2
Block: Shield            |    38 |    79 |    16 ||   133

Table legend:
 A = Non-vault XP
 B = Vault XP
 C = Vault XP percentage of total XP
 D = Non-vault monster count
 E = Vault monster count
 F = Vault count percentage of total count
                 A         B        C        D         E       F
            +---------+---------+-------+---------+---------+-------
      Total |     687 |     130 |  15.9 |      89 |       7 |   7.3
            +---------+---------+-------+---------+---------+-------
        D:1 |      45 |       4 |   8.2 |      22 |       4 |  15.4
        D:2 |     134 |       0 |   0.0 |      20 |       0 |   0.0
        D:3 |     116 |     126 |  52.1 |      27 |       3 |  10.0
        D:4 |     364 |       0 |   0.0 |      18 |       0 |   0.0
        D:5 |      28 |       0 |   0.0 |       2 |       0 |   0.0
            +---------+---------+-------+---------+---------+-------
